 Dungeon Crawl Stone Soup version 0.32-a0-779-g362cfcae2a (webtiles) character file.

Game seed: 11453593676764334793

65 smashvw the Shield-Bearer (level 3, 0/33 HPs)
             Began as a Mountain Dwarf Fighter on Mar 19, 2024.
             Slain by Terence
             ... wielding a +0 falchion
              (5 damage)
             ... on level 2 of the Dungeon.
             The game lasted 00:01:46 (602 turns).

smashvw the Shield-Bearer (Mountain Dwarf Fighter)   Turns: 602, Time: 00:01:46

Health: 0/33       AC: 11    Str: 20    XL:     3   Next: 92%
Magic:  3/3        EV:  4    Int:  8    God:
Gold:   90         SH:  4    Dex:  9    Spells: 2/2 levels left

rFire   . . .        a - +0 trident
rCold   . . .        c - +0 buckler
rNeg    . . .        j - +0 plate armour
rPois   .            (no helmet)
rElec   .            (no cloak)
rCorr   .            (no gloves)
SInv    .            (no boots)
Will    .....        (no amulet) Stlth
                     (no ring)
HPRegen 0.25/turn    (no ring)
MPRegen 0.08/turn

%: no passive effects
@: no status effects
A: runic magic, artefact enchanting
a: no special abilities


You were on level 2 of the Dungeon.
You visited 1 branch of the dungeon, and saw 2 of its levels.

You collected 90 gold pieces.

Inventory:

Hand Weapons
 a - a +0 trident (weapon)
Armour
 c - a +0 buckler (worn)
 j - a +0 plate armour (worn)
Scrolls
 b - a scroll of fear {unknown}
 f - a scroll of poison {unknown}
 i - a scroll of enchant weapon {unknown}
 k - a scroll of butterflies {unknown}
 m - a scroll of identify {unknown}
Potions
 d - 4 potions of might
 e - a potion of enlightenment {unknown}
 g - a potion of berserk rage {unknown}
 h - 2 potions of heal wounds {unknown}
 l - a potion of invisibility {unknown}
 n - a potion of brilliance {unknown}
 o - a potion of curing {unknown}


   Skills:
 + Level 4.0 Fighting
 + Level 2.9 Polearms
 - Level 3.2 Armour
 * Level 4.1 Shields


You had 2 spell levels left.
You didn't know any spells.
Your spell library contained the following spells:

 Spells                   Type           Power      Damage    Failure   Level
 Necrotise                Necr           0%         1d4       77%         1
 Dazzling Flash           Conj/Hex       0%         N/A       98%         3
 Mephitic Cloud           Conj/Alch/Air  0%         N/A       98%         3
 Vampiric Draining        Necr           0%         2d6       98%         3
 Martyr's Knell           Necr/Summ      0%         N/A       100%        4
 Curse of Agony           Necr           0%         N/A       100%        5
 Silence                  Hex/Air        0%         N/A       100%        5


Dungeon Overview and Level Annotations

Branches:
Dungeon (2/15)

Altars:

Annotations:
D:2 Terence


Innate Abilities, Weirdness & Mutations

Your spellcasting is much less encumbered by armour.
You can use scrolls of enchantment on lesser artefacts.


Message History

Terence shouts!
You hear a shout! x2
You closely miss Terence.
A hobgoblin comes into view.
Terence hits you with a +0 falchion.
Okay, then.
Terence attacks as he pursues you! Terence hits you with a +0 falchion.
You completely miss Terence. Terence hits you with a +0 falchion.
You puncture Terence!
Terence is moderately wounded.
Terence barely misses you.
You hit Terence.
Terence is heavily wounded.
Terence hits you with a +0 falchion.
You barely miss Terence.
Terence is heavily wounded.
Terence shouts, "Get ready for death!"
Terence hits you but does no damage. You block Terence's attack.
You closely miss Terence.
Terence is heavily wounded.
Terence hits you with a +0 falchion.
You puncture Terence!
Terence is almost dead.
Terence completely misses you.
You closely miss Terence.
Terence is almost dead.
Terence hits you but does no damage.
You closely miss Terence.
Terence is almost dead.
Terence hits you with a +0 falchion.
You hit Terence.
Terence is almost dead.
Terence hits you with a +0 falchion!
* * * LOW HITPOINT WARNING * * *
Terence hits you with a +0 falchion.
* * * LOW HITPOINT WARNING * * *
You hit Terence but do no damage.
Terence is almost dead.
Terence hits you with a +0 falchion.
You die...
Terence says, "Rest in peace."

### ###########.#
#......#....#
#.###..#.##.#
#......#..#.#
############..##.#.#
#g@@...............#
#.#########..###.###
#.........................
..g####.#########.#####.##
).# #.....####.# ###
#..........# #.....######
#.....#######
######.....##.....


You could see Terence and a hobgoblin.

Vanquished Creatures
  Jessica (D:2)
  2 adders
  A dart slug (D:1)
  A ribbon worm (D:2)
  A ball python (D:1)
  An endoplasm (D:1)
  A giant cockroach (D:1)
  3 goblins (D:1)
  A hobgoblin (D:1)
  2 kobolds (D:1)
  3 bats (D:1)
  A frilled lizard (D:1)
18 creatures vanquished.

Notes
Turn   | Place    | Note
-------+----------+-------------------------------------------
     0 | D:1      | smashvw the Mountain Dwarf Fighter began the quest for the
                  | Orb.
     0 | D:1      | Reached XP level 1. HP: 19/19 MP: 1/1
    19 | D:1      | Reached XP level 2. HP: 24/26 MP: 2/2
   402 | D:2      | Reached XP level 3. HP: 32/33 MP: 3/3
   439 | D:2      | Noticed Jessica
   443 | D:2      | Killed Jessica
   589 | D:2      | Noticed Terence
   602 | D:2      | Slain by Terence

Illustrated notes

Levels and vault maps discovered:
D:1:      dpeg_arrival_arbitrary_c, layout_rooms,
          corexii_item_surrounded_by_moat
D:2:      layout_basic, grunt_ministairs_5, chequers_serial_rivers_room_a,
          uniq_terence, uniq_sigmund, uniq_jessica

Skill      XL: |  1  2  3 |
---------------+----------+-----
Fighting       | 4 |  4.0
Shields        | 4 |  4.1
Polearms       | |  2.9
Armour         | |  3.2

Action                     || total
---------------------------++-------
  Melee: Trident           ||    67
 Armour: Scale mail        ||    16
         Plate armour      ||    36
  Dodge: Dodged            ||    17
  Block: Buckler           ||     7

Table legend: (Time is in decaauts)
 A = Elapsed time spent in this place.
 B = Non-inter-level travel time spent in this place.
 C = Inter-level travel time spent in this place.
 D = Time resting spent in this place.
 E = Time spent auto-exploring this place.
 F = Levels seen in this place.
 G = Mean time per level.
                   A        B        C        D        E       F      G
               +--------+--------+--------+--------+--------+-----+--------+
         Total |    617 |    613 |      4 |      0 |    438 |   2 |  308.5 |
       Dungeon |    617 |    613 |      4 |      0 |    438 |   2 |  308.5 |
               +--------+--------+--------+--------+--------+-----+--------+

Top non-repeatable levels by time:
     D:1: 397 daAuts
     D:2: 219 daAuts
